 Dungeon Sprint DCSS version 0.16-a0-3946-g4f19e5c (webtiles) character file.

76467 BluebellGnoll the Sorcerer (level 15, -12/93 HPs)
             Began as a Spriggan Venom Mage on Feb 8, 2015.
             Was the Champion of Vehumet.
             Mangled by Jory
             ... wielding a +2 battleaxe of freezing
              (47 damage)
             ... in the Dungeon (Sprint IX: "|||||||||||||||||||||||||||||") on Feb 9, 2015.
             The game lasted 01:23:49 (8698 turns).

BluebellGnoll the Sorcerer (Spriggan Venom Mage)    Turns: 8698, Time: 01:23:49

Health: -12/93     AC:  7    Str:  9    XL:     15   Next: 12%
Magic:  39/42      EV: 39    Int: 29    God:    Vehumet [******]
Gold:   224        SH:  0    Dex: 22    Spells: 12 memorised, 12 levels left

rFire  . . .     SeeInvis +     n - +2 rapier of Ghuttec {freeze, Noisy MR+ Dex+5}
rCold  . . .     Clarity  .     z - +2 robe {Archmagi}
rNeg   . . .     SustAb   .     (shield restricted)
rPois  +         Gourm    .     (helmet restricted)
rElec  .         Spirit   .     D - +2 cloak {+Inv}
rCorr  .         Warding  .     (gloves unavailable)
rMut   .         NoTele   +     (boots unavailable)
MR     +++..                    (no amulet)
Stlth  ++++++++..               B - ring of poison resistance
                                H - +6 ring of intelligence

@: mighty, very quick, extremely resistant to hostile enchantments,
extraordinarily stealthy
A: unfitting armour, see invisible, herbivore 3, speed 3, slow metabolism 2
a: Renounce Religion, Evoke Invisibility


You were in the Dungeon.
You worshipped Vehumet.
Vehumet was exalted by your worship.
You were not hungry.

You visited 1 branch You collected 1938 gold pieces.
You spent 1714 gold pieces at shops.

Inventory:

Hand weapons
 n - the +2 rapier of Ghuttec (weapon) {freeze, Noisy MR+ Dex+5}
   (You found it in the Dungeon)

   It has been specially enchanted to freeze those struck by it, causing extra
   injury to most foes and up to half again as much damage against particularly
   susceptible opponents.
   It can also slow down cold-blooded creatures.
   It affects your dexterity (+5).
   It affects your resistance to hostile enchantments.
   It may make noises in combat.
 q - a +0 short sword
Missiles
 y - 5 tomahawks (quivered)
Armour
 r - a +0 cloak of invisibility
 z - a +2 robe of the Archmagi (worn)
 D - a +2 cloak of invisibility (worn)
Magical staves
 e - an uncursed staff of energy
Jewellery
 A - an uncursed ring of ice
 B - a ring of poison resistance (right hand)
 H - a +6 ring of intelligence (left hand)
 I - a +6 ring of strength
Magical devices
 m - a wand of draining (6)
 p - a wand of magic darts (22)
 x - a wand of random effects (1)
Scrolls
 i - 3 scrolls of blinking
 k - 4 scrolls of remove curse
 l - 4 scrolls of amnesia
 t - 2 scrolls of fear
 v - 2 scrolls of recharging
 E - 3 scrolls of fog
 F - 4 scrolls of enchant weapon
 G - 6 scrolls of enchant armour
Potions
 d - a potion of agility
 f - 8 potions of heal wounds
 g - 3 potions of magic
 h - 4 potions of curing
 j - 2 potions of restore abilities
 o - 2 potions of brilliance
 s - 3 potions of might
 C - a potion of flight
 J - a potion of resistance
 K - 2 potions of haste
Books
 a - a book of Maledictions

   Spells                             Type                      Level
   a - Corona                         Hexes                        1
   b - Sure Blade                     Hexes/Charms                 2
   c - Ensorcelled Hibernation        Hexes/Ice                    2
   d - Confuse                        Hexes                        3
   e - Dazzling Spray                 Conjuration/Hexes            3
   f - Enslavement                    Hexes                        4
 b - a Young Poisoner's Handbook

   Spells                             Type                      Level
   a - Sting                          Conjuration/Poison           1
   b - Cure Poison                    Poison                       2
   c - Mephitic Cloud                 Conjuration/Poison/Air       3
   d - Olgreb's Toxic Radiance        Poison                       4
   e - Venom Bolt                     Conjuration/Poison           5
Miscellaneous
 u - a lamp of fire (inert)
Comestibles
 c - 31 fruits
 w - 11 bread rations


   Skills:
 - Level 16.9 Fighting
 * Level 11.7 Short Blades
 * Level 21.2 Dodging
 - Level 17.2 Stealth
 - Level 22.1 Spellcasting
 - Level 7.9 Conjurations
 - Level 14.9 Ice Magic
 - Level 4.8 Air Magic
 - Level 8.6 Poison Magic
 - Level 19.2 Evocations


You had 12 spell levels left.
You knew the following spells:

 Your Spells              Type           Power        Failure   Level  Hunger
a - Sting                 Conj/Pois      ####         1%          1    None
b - Ensorcelled Hibernat  Hex/Ice        ######       1%          2    None
c - Confuse               Hex            #####...     3%          3    None
d - Venom Bolt            Conj/Pois      #######...   1%          5    None
e - Freezing Cloud        Conj/Ice/Air   #######...   1%          6    None
f - Throw Icicle          Conj/Ice       #######.     1%          4    None
g - Mephitic Cloud        Conj/Pois/Air  #######.     1%          3    None
h - Bolt of Cold          Conj/Ice       #######...   1%          6    None
i - Iskenderun's Battles  Conj/Chrm      ######..     2%          5    None
j - Searing Ray           Conj           ######       1%          2    None
k - Conjure Flame         Conj/Fire      ######..     1%          3    None
l - Poisonous Cloud       Conj/Pois/Air  #######...   3%          6    None


Dungeon Overview and Level Annotations

Branches:
Dungeon (1/1)

Altars:
Cheibriados
Dithmenos
Elyvilon
Fedhas
Gozag
Kikubaaqudgha
Makhleb
Nemelex Xobeh
Okawaru
Qazlal
Ru
Sif Muna
Trog
Vehumet
Xom
Yredelemnul
Zin
The Shining One
Beogh
Jiyva
Lugonu

Shops:
D *?:*

Annotations:
D Jory


Innate Abilities, Weirdness & Mutations

You are tiny and cannot use many weapons and most armour.
You have supernaturally acute eyesight.
You are a herbivore.
You cover ground extremely quickly.
You need consume almost no food.


Message History

Unknown command.
Evoke which item? (* to show all) (? for menu, Esc to quit)
Okay, then.
Casting: Freezing Cloud
Confirm with . or Enter, or press ? or * to list all spells.
Okay, then.
You barely miss Jory.
Jory is heavily damaged.
Jory hits you with a battleaxe of freezing!!
* * * LOW HITPOINT WARNING * * *
Jory freezes you.
* * * LOW HITPOINT WARNING * * *
Jory bites you but does no damage.
Drink which item? (? for menu, Esc to quit)
You feel much better.
You closely miss Jory.
Jory is heavily damaged.
Jory hits you with a battleaxe of freezing!!!
Ouch! That really hurt!
You die...

.▓)▓.▓)▓.▓)▓)▓=▓.▓,*,*,*,*,*,*,*,
.▓)▓.▓.▓.▓'▓.▓=▓.▓,*,*,*,*,*,*,*,
.▓)▓.▓.▓.▓.▓.▓=▓.▓,*,*,*,*,*,*,*,
.▓)▓.▓.▓.▓)▓.▓.▓.▓,*,*,*,*,*,*,*,
.▓)▓.▓.▓.▓.▓.▓.▓.▓,*,*,*,*,*,*,*,
.▓)▓.▓.▓.▓.▓.▓.▓§♣+*,*,*,*,*,*,*,
.▓)▓.▓.▓.▓.▓.▓)▓§♣,*,*,*,*,*,*,*,
.▓.▓.▓.▓.▓.▓.▓)▓V♣,*,*,*,*,*,*,*,
.▓[▓.▓.▓(▓.▓.▓)▓@♣,*,*,*,*,*,*,*,
.▓[▓.♣'♣.▓.▓.▓)▓.♣,*,*,*,*,*,*,*,
.▓[▓.♣.♣.▓§▓)▓)▓.♣,*,*,*,*,*,*+*,
.▓[▓.♣.♣.▓.▓.▓)▓.♣,*,*,*,*,*,*,*,
.▓[▓.♣.♣.▓.▓.▓.▓.♣,*,*,*,*,*,*,*,
.▓[▓.♣.♣(▓.▓.▓.▓.♣,*,*,*,*,*,*,*,
.▓[▓.♣...▓.▓.▓.▓.♣,*,*,*,*,*,*,*,
.▓[▓.♣.♣.▓[▓.▓[▓.♣,*,*,*,*,*,*,*,
)▓.▓...♣.▓.▓.▓[▓.♣,*,*,*,*,*,*,*,


You could see Jory.

Vanquished Creatures
  Margery (D)
  Saint Roka (D)
  Frederick (D)
  A Brimstone Fiend (D)
  Nikola (D)
  A lich (D)
  A storm dragon (D)
  A vault warden (D)
  A fire giant (D)
  Aizul (D)
  3 emperor scorpions (D)
  An ironheart preserver (D)
  A very ugly thing (D)
  3 stone giants (D)
  2 fire dragons (D)
  3 yaktaur captains (D)
  2 great orbs of eyes (D)
  2 rakshasas (D)
  4 hydras (D)
  2 spriggan air magi (D)
  2 ice dragons (D)
  4 centaur warriors (D)
  2 ghost crabs (D)
  5 ogre magi (D)
  2 anacondas (D)
  4 death yaks (D)
  A deep elf knight (D)
  2 catoblepae (D)
  A shock serpent (D)
  5 hell knights (D)
  A sea snake (D)
  A swamp dragon (D)
  An iron troll (D)
  4 deep trolls (D)
  A shambling mangrove (D)
  An ironbrand convoker (D)
  A spriggan druid (D)
  A deep elf summoner (D)
  A harpy (D)
  An unseen horror (D)
  3 hill giants (D)
  2 necromancers (D)
  2 orc knights (D)
  4 griffons (D)
  A moth of wrath (D)
  An orc sorcerer (D)
  A wolf spider (D)
  An ugly thing (D)
  A water nymph (D)
  A salamander (D)
  Maurice (D)
  Joseph (D)
  A vault sentinel (D)
  2 spiny frogs (D)
  A guardian serpent (D)
  An efreet (D)
  A naga mage (D)
  A deep elf priest (D)
  2 fire elementals (D)
  A merfolk (D)
  3 trolls (D)
  A boulder beetle (D)
  2 jumping spiders (D)
  2 slime creatures (D)
  A deep elf mage (D)
  3 ravens (D)
  2 shadows (D)
  2 redbacks (D)
  A basilisk (D)
  3 trapdoor spiders (D)
  A water elemental (D)
  3 yaks (D)
  A tarantella (D)
  A wolf (D)
  A large abomination (D)
  2 wraiths (D)
  2 hippogriffs (D)
  2 vampire mosquitoes (D)
  A water moccasin (D)
  3 nagas (D)
  A mottled dragon (D)
  A spider (shapeshifter) (D)
  A porcupine (D)
  A phantom (D)
  2 ice beasts (D)
  12 orc warriors (D)
  An eye of draining (shapeshifter) (D)
  A crocodile (D)
  7 giant frogs (D)
  A hippogriff skeleton (D)
  A wight (D)
  A hound (D)
  A quasit (D)
  A worker ant (D)
  7 orc wizards (D)
  4 orc priests (D)
  An adder (D)
  A river rat (D)
  An orc skeleton (D)
  An ooze (D)
  7 orcs (D)
  2 spectral bats (D)
  A ball python (D)
  2 hobgoblins (D)
  2 quokkas (D)
  2 giant newts (D)
  A goblin (D)
  A kobold (D)
  2 spectral giant geckos (D)
  A spectral jackal (D)
  A spectral quokka (D)
209 creatures vanquished.

Vanquished Creatures (others)
  2 fire elementals (D)
  A deep elf mage (D)
  A giant spore (D)
  A ballistomycete (D)
  A fungus (D)
6 creatures vanquished.

Grand Total: 215 creatures vanquished

Notes
Turn   | Place    | Note
--------------------------------------------------------------
     0 | D        | BluebellGnoll, the Spriggan Venom Mage, began the quest for the Orb.
     0 | D        | Reached XP level 1. HP: 9/9 MP: 4/4
   101 | D        | Noticed a phantom
   101 | D        | Noticed a worker ant
   103 | D        | Reached skill level 5 in Spellcasting
   105 | D        | Reached XP level 2. HP: 13/13 MP: 9/11
   119 | D        | Killed a worker ant
   119 | D        | Reached skill level 6 in Spellcasting
   119 | D        | Reached XP level 3. HP: 10/16 MP: 3/15
   133 | D        | Found a glowing silver altar of Zin.
   133 | D        | Found a glowing golden altar of the Shining One.
   133 | D        | Found an ancient bone altar of Kikubaaqudgha.
   133 | D        | Found a basalt altar of Yredelemnul.
   133 | D        | Found a shimmering altar of Xom.
   133 | D        | Found a radiant altar of Vehumet.
   133 | D        | Found an iron altar of Okawaru.
   134 | D        | Found a burning altar of Makhleb.
   135 | D        | Found a deep blue altar of Sif Muna.
   137 | D        | Found a bloodstained altar of Trog.
   138 | D        | Found a sparkling altar of Nemelex Xobeh.
   139 | D        | Found a white marble altar of Elyvilon.
   140 | D        | Found a roughly hewn altar of Beogh.
   141 | D        | Found a viscous altar of Jiyva.
   142 | D        | Became a worshipper of Vehumet
   149 | D        | Found a corrupted altar of Lugonu.
   150 | D        | Found a blossoming altar of Fedhas.
   151 | D        | Found a snail-covered altar of Cheibriados.
   152 | D        | Found a shadowy altar of Dithmenos.
   153 | D        | Found a stormy altar of Qazlal.
   224 | D        | Learned a level 3 spell: Mephitic Cloud
   323 | D        | Found an opulent altar of Gozag.
   324 | D        | Found a sacrificial altar of Ru.
   343 | D        | Got the +2 rapier of Ghuttec {freeze, Noisy MR+ Dex+5}
   409 | D        | Killed a phantom
   409 | D        | Reached skill level 7 in Spellcasting
   409 | D        | Reached skill level 8 in Poison Magic
   409 | D        | Reached XP level 4. HP: 14/21 MP: 16/20
   516 | D        | Noticed an ice beast
   516 | D        | Noticed an ice beast
   516 | D        | Noticed a quasit
   516 | D        | Noticed a deep elf mage
   516 | D        | Noticed a giant frog
   520 | D        | Killed a deep elf mage
   529 | D        | Killed an ice beast
   529 | D        | Reached XP level 5. HP: 14/24 MP: 20/22
   530 | D        | Killed an ice beast
   530 | D        | Acquired Vehumet's first power
   530 | D        | Offered knowledge of Shock by Vehumet.
   531 | D        | Killed a quasit
   543 | D        | Killed a giant frog
   543 | D        | Reached skill level 10 in Stealth
   543 | D        | Reached XP level 6. HP: 8/28 MP: 17/24
   776 | D        | Noticed an orc wizard
   776 | D        | Noticed a shadow
   776 | D        | Noticed a deep elf mage
   776 | D        | Noticed a wight
   776 | D        | Noticed a slime creature
   776 | D        | Noticed a vampire mosquito
   778 | D        | Killed an orc wizard
   778 | D        | Offered knowledge of Searing Ray by Vehumet.
   780 | D        | Killed a shadow
   780 | D        | Reached skill level 13 in Stealth
   789 | D        | Killed a deep elf mage
   789 | D        | Reached skill level 10 in Dodging
   789 | D        | Reached skill level 15 in Stealth
   789 | D        | Reached XP level 7. HP: 32/32 MP: 23/25
   817 | D        | Learned a level 2 spell: Searing Ray
   824 | D        | Killed a wight
   824 | D        | Offered knowledge of Conjure Flame by Vehumet.
   835 | D        | Learned a level 3 spell: Conjure Flame
   859 | D        | Killed a slime creature
   859 | D        | Acquired Vehumet's second power
   859 | D        | Reached skill level 16 in Stealth
   867 | D        | Killed a vampire mosquito
   867 | D        | Reached skill level 17 in Stealth
  1024 | D        | Learned a level 5 spell: Venom Bolt
  1131 | D        | Noticed a giant frog
  1131 | D        | Noticed a hippogriff
  1131 | D        | Noticed a giant frog
  1131 | D        | Noticed a giant frog
  1131 | D        | Noticed a crocodile
  1132 | D        | Noticed a giant frog
  1133 | D        | Killed a giant frog
  1133 | D        | Offered knowledge of Sticky Flame by Vehumet.
  1133 | D        | Reached XP level 8. HP: 36/36 MP: 27/27
  1134 | D        | Noticed a hound
  1137 | D        | Killed a hippogriff
  1137 | D        | Acquired Vehumet's third power
  1137 | D        | Reached skill level 5 in Short Blades
  1138 | D        | Killed a giant frog
  1147 | D        | Killed a giant frog
  1155 | D        | Killed a crocodile
  1170 | D        | Killed a giant frog
  1170 | D        | Reached skill level 1 in Conjurations
  1175 | D        | Killed a hound
  1238 | D        | Noticed a basilisk
  1238 | D        | Noticed a giant frog
  1238 | D        | Noticed a yak
  1238 | D        | Noticed a wolf
  1238 | D        | Noticed a porcupine
  1240 | D        | Killed a giant frog
  1244 | D        | Noticed a spiny frog
  1244 | D        | Killed a basilisk
  1246 | D        | Noticed a water moccasin
  1255 | D        | Killed a yak
  1260 | D        | Killed a wolf
  1260 | D        | Reached skill level 5 in Conjurations
  1263 | D        | Killed a porcupine
  1270 | D        | Killed a spiny frog
  1270 | D        | Reached XP level 9. HP: 39/39 MP: 3/28
  1405 | D        | Killed a water moccasin
  1405 | D        | Offered knowledge of Iskenderun's Battlesphere by Vehumet.
  1454 | D        | Learned a level 5 spell: Iskenderun's Battlesphere
  1454 | D        | Noticed a death yak
  1454 | D        | Noticed a catoblepas
  1454 | D        | Noticed a yak
  1454 | D        | Noticed a catoblepas
  1454 | D        | Noticed a death yak
  1454 | D        | Noticed a death yak
  1454 | D        | Noticed a yak
  1455 | D        | Noticed a death yak
  1461 | D        | Killed a death yak
  1461 | D        | Offered knowledge of Throw Icicle by Vehumet.
  1496 | D        | Killed a yak
  1496 | D        | Reached skill level 10 in Spellcasting
  1528 | D        | Killed a catoblepas
  1559 | D        | Learned a level 4 spell: Throw Icicle
  1713 | D        | Killed a catoblepas
  1713 | D        | Reached XP level 10. HP: 44/44 MP: 19/33
  1724 | D        | Killed a death yak
  1724 | D        | Reached skill level 15 in Dodging
  1729 | D        | Killed a death yak
  1732 | D        | Killed a death yak
  1732 | D        | Offered knowledge of Poisonous Cloud by Vehumet.
  1733 | D        | Killed a yak
  1741 | D        | Learned a level 6 spell: Poisonous Cloud
  1903 | D        | Noticed Maurice
  1914 | D        | Killed Maurice
  1914 | D        | Reached skill level 15 in Spellcasting
  1914 | D        | Reached skill level 1 in Air Magic
  2053 | D        | Noticed an orc knight
  2053 | D        | Noticed an orc warrior
  2053 | D        | Noticed an orc priest
  2060 | D        | Killed an orc knight
  2067 | D        | Killed an orc warrior
  2068 | D        | Killed an orc priest
  2070 | D        | Noticed an orc priest
  2074 | D        | Killed an orc priest
  2076 | D        | Noticed an orc wizard
  2084 | D        | Killed an orc wizard
  2084 | D        | Offered knowledge of Spellforged Servitor by Vehumet.
  2109 | D        | Noticed an orc wizard
  2110 | D        | Killed an orc wizard
  2205 | D        | Noticed an orc priest
  2208 | D        | Killed an orc priest
  2288 | D        | Noticed an orc wizard
  2289 | D        | Noticed an orc wizard
  2296 | D        | Killed an orc wizard
  2298 | D        | Killed an orc wizard
  2329 | D        | Noticed an orc warrior
  2329 | D        | Noticed an orc warrior
  2329 | D        | Noticed an orc warrior
  2329 | D        | Noticed an orc priest
  2329 | D        | Noticed an orc warrior
  2329 | D        | Noticed an orc sorcerer
  2334 | D        | Killed an orc priest
  2337 | D        | Killed an orc warrior
  2338 | D        | Killed an orc sorcerer
  2338 | D        | Offered knowledge of Bolt of Cold by Vehumet.
  2340 | D        | Killed an orc warrior
  2340 | D        | Killed an orc warrior
  2342 | D        | Killed an orc warrior
  2342 | D        | Reached XP level 11. HP: 47/47 MP: 17/36
  2358 | D        | Learned a level 6 spell: Bolt of Cold
  2366 | D        | Noticed an orc wizard
  2371 | D        | Killed an orc wizard
  2379 | D        | Noticed an orc knight
  2405 | D        | Noticed an orc warrior
  2411 | D        | Killed an orc warrior
  2411 | D        | Reached skill level 1 in Ice Magic
  2418 | D        | Killed an orc knight
  2638 | D        | Noticed an orc warrior
  2642 | D        | Noticed an orc warrior
  2648 | D        | Killed an orc warrior
  2652 | D        | Killed an orc warrior
  2703 | D        | Found Straojai's General Store.
  2703 | D        | Noticed a hill giant
  2703 | D        | Noticed an iron troll
  2703 | D        | Noticed an ogre mage
  2703 | D        | Noticed a deep troll
  2703 | D        | Noticed a troll
  2703 | D        | Noticed a troll
  2709 | D        | Killed an ogre mage
  2709 | D        | Offered knowledge of Freezing Cloud by Vehumet.
  2709 | D        | Reached skill level 5 in Ice Magic
  2715 | D        | Killed a hill giant
  2717 | D        | Killed a troll
  2720 | D        | Killed an ogre mage
  2722 | D        | Killed a troll
  2726 | D        | Learned a level 6 spell: Freezing Cloud
  2733 | D        | Killed an iron troll
  2745 | D        | Killed a deep troll
  2751 | D        | Found Unlucvai's Magic Scroll Shoppe.
  2754 | D        | Found Goqeegas' Book Emporium.
  2756 | D        | Noticed a troll
  2757 | D        | Found Ghuag's Assorted Antiques.
  2758 | D        | Noticed a deep troll
  2759 | D        | Noticed a hill giant
  2760 | D        | Noticed a deep troll
  2762 | D        | Killed a troll
  2764 | D        | Noticed a hill giant
  2765 | D        | Noticed a deep troll
  2771 | D        | Killed a deep troll
  2771 | D        | Reached skill level 18 in Spellcasting
  2773 | D        | Killed a hill giant
  2773 | D        | Offered knowledge of Conjure Ball Lightning by Vehumet.
  2796 | D        | Killed a deep troll
  2796 | D        | Reached skill level 19 in Spellcasting
  2801 | D        | Killed a hill giant
  2804 | D        | Killed a deep troll
  2926 | D        | Bought a scroll of identify for 20 gold pieces
  2929 | D        | Bought a scroll of magic mapping for 45 gold pieces
  2961 | D        | Bought a book of Maledictions for 275 gold pieces
  2964 | D        | Learned a level 2 spell: Ensorcelled Hibernation
  2968 | D        | Learned a level 3 spell: Confuse
  2970 | D        | Bought a silvery potion for 24 gold pieces
  2970 | D        | Bought a scroll labeled CHOOXI LOGALIVOCU for 27 gold pieces
  2970 | D        | Bought a scroll labeled CHOOXI LOGALIVOCU for 27 gold pieces
  2970 | D        | Bought a metallic golden potion for 24 gold pieces
  2970 | D        | Bought a bubbling black potion for 24 gold pieces
  2974 | D        | Bought a scroll of identify for 26 gold pieces
  2980 | D        | Bought a scroll of blinking for 97 gold pieces
  2980 | D        | Bought a scroll of amnesia for 45 gold pieces
  2992 | D        | Bought a lamp of fire for 1080 gold pieces
  3045 | D        | Noticed Joseph
  3061 | D        | Killed Joseph
  3220 | D        | Noticed an efreet
  3220 | D        | Noticed a giant frog
  3220 | D        | Noticed a wraith
  3220 | D        | Noticed a vampire mosquito
  3220 | D        | Noticed a centaur warrior
  3220 | D        | Noticed a hippogriff
  3220 | D        | Noticed an orc warrior
  3221 | D        | Noticed a slime creature
  3222 | D        | Killed an efreet
  3228 | D        | Killed a giant frog
  3228 | D        | Offered knowledge of Iron Shot by Vehumet.
  3228 | D        | Killed an orc warrior
  3228 | D        | Reached skill level 20 in Spellcasting
  3232 | D        | Killed a hippogriff
  3235 | D        | Killed a centaur warrior
  3236 | D        | Killed a wraith
  3236 | D        | Reached XP level 12. HP: 51/51 MP: 27/39
  3237 | D        | Killed a vampire mosquito
  3244 | D        | Noticed a stone giant
  3248 | D        | Killed a stone giant
  3248 | D        | Reached skill level 21 in Spellcasting
  3249 | D        | Killed a slime creature
  3259 | D        | Noticed a rakshasa
  3324 | D        | Upgraded the game from 0.16-a0-3943-gb4b81e6 to 0.16-a0-3946-g4f19e5c
  3360 | D        | Killed a rakshasa
  3428 | D        | Noticed an ogre mage
  3432 | D        | Killed an ogre mage
  3432 | D        | Offered knowledge of Lehudib's Crystal Spear by Vehumet.
  3432 | D        | Offered knowledge of Glaciate by Vehumet.
  3432 | D        | Offered knowledge of Chain Lightning by Vehumet.
  3432 | D        | Reached skill level 22 in Spellcasting
  3469 | D        | Reached skill level 1 in Fighting
  3477 | D        | Noticed an ice dragon
  3518 | D        | Killed an ice dragon
  3519 | D        | Noticed an ice dragon
  3524 | D        | Noticed a necromancer
  3532 | D        | Killed an ice dragon
  3532 | D        | Reached skill level 5 in Fighting
  3696 | D        | Killed a necromancer
  3794 | D        | Noticed an orc warrior
  3797 | D        | Noticed Saint Roka
  3803 | D        | Killed an orc warrior
  3821 | D        | Noticed an orc warrior
  3825 | D        | Noticed an orc wizard
  3828 | D        | Noticed an orc warrior
  3833 | D        | Killed Saint Roka
  3833 | D        | Killed an orc wizard
  3833 | D        | Killed an orc warrior
  3833 | D        | Reached skill level 10 in Fighting
  3951 | D        | Killed an orc warrior
  4112 | D        | Noticed a redback
  4112 | D        | Noticed a tarantella
  4112 | D        | Noticed a jumping spider
  4112 | D        | Noticed a wolf spider
  4112 | D        | Noticed a redback
  4116 | D        | Noticed a jumping spider
  4116 | D        | Killed a redback
  4117 | D        | Killed a jumping spider
  4117 | D        | Killed a redback
  4118 | D        | Killed a tarantella
  4118 | D        | Killed a trapdoor spider
  4118 | D        | Killed a wolf spider
  4119 | D        | Killed a trapdoor spider
  4120 | D        | Killed a jumping spider
  4131 | D        | Noticed a trapdoor spider
  4134 | D        | Killed a trapdoor spider
  4137 | D        | Noticed an eight-headed hydra
  4137 | D        | Noticed an eight-headed hydra
  4137 | D        | Noticed a spiny frog
  4137 | D        | Noticed a spriggan druid
  4137 | D        | Noticed a shadow
  4137 | D        | Noticed a ghost crab
  4138 | D        | Noticed a shambling mangrove
  4159 | D        | Killed an eight-headed hydra
  4161 | D        | Killed a spiny frog
  4162 | D        | Killed an eight-headed hydra
  4162 | D        | Reached XP level 13. HP: 62/75 MP: 29/41
  4162 | D        | Killed a spriggan druid
  4167 | D        | Killed a shadow
  4185 | D        | Noticed a six-headed hydra
  4210 | D        | Killed a six-headed hydra
  4461 | D        | Noticed a moth of wrath
  4476 | D        | Killed a moth of wrath
  4570 | D        | Killed a ghost crab
  4619 | D        | Killed a shambling mangrove
  4628 | D        | Noticed a ghost crab
  4651 | D        | HP: 2/77 [ghost crab] (9)]
  5037 | D        | Killed a ghost crab
  5174 | D        | Noticed a naga
  5174 | D        | Noticed an anaconda
  5174 | D        | Noticed a naga
  5174 | D        | Noticed a guardian serpent
  5174 | D        | Noticed a naga
  5174 | D        | Noticed a naga mage
  5174 | D        | Noticed a salamander
  5177 | D        | Killed a naga
  5177 | D        | Killed an anaconda
  5177 | D        | Killed a naga
  5177 | D        | Killed a guardian serpent
  5178 | D        | Killed a shock serpent
  5179 | D        | Killed a salamander
  5180 | D        | Killed an anaconda
  5180 | D        | Reached skill level 15 in Fighting
  5182 | D        | Killed a naga mage
  5182 | D        | Killed a naga
  5325 | D        | Noticed a griffon
  5325 | D        | Noticed a griffon
  5325 | D        | Noticed a water nymph
  5325 | D        | Noticed a water elemental
  5325 | D        | Noticed a merfolk
  5325 | D        | Noticed a sea snake
  5326 | D        | Noticed a griffon
  5327 | D        | Killed a water elemental
  5328 | D        | Killed a griffon
  5328 | D        | Killed a griffon
  5329 | D        | Killed a water nymph
  5329 | D        | Killed a sea snake
  5329 | D        | Killed a merfolk
  5332 | D        | Killed a griffon
  5335 | D        | Noticed a griffon
  5345 | D        | Killed a griffon
  5428 | D        | Noticed Aizul
  5473 | D        | Killed Aizul
  5603 | D        | Noticed an eight-headed hydra
  5617 | D        | Killed an eight-headed hydra
  5692 | D        | Noticed a swamp dragon
  5708 | D        | Killed a swamp dragon
  5803 | D        | Noticed a centaur warrior
  5803 | D        | Noticed an emperor scorpion
  5803 | D        | Noticed a cyan ugly thing
  5803 | D        | Noticed a deep elf summoner
  5803 | D        | Noticed a stone giant
  5803 | D        | Noticed a yaktaur captain
  5803 | D        | Noticed a lich
  5811 | D        | Killed a deep elf summoner
  5813 | D        | Killed a cyan ugly thing
  5816 | D        | Killed a yaktaur captain
  5834 | D        | Killed a centaur warrior
  5837 | D        | Killed a stone giant
  5854 | D        | Noticed a Hell Sentinel
  5855 | D        | Noticed a Brimstone Fiend
  5967 | D        | Killed an emperor scorpion
  5967 | D        | Reached skill level 10 in Short Blades
  5967 | D        | Reached skill level 10 in Ice Magic
  5991 | D        | Noticed a Brimstone Fiend
  5993 | D        | Killed a Brimstone Fiend
  5999 | D        | Noticed a tentacled monstrosity
  6012 | D        | Killed a lich
  6039 | D        | Noticed a spriggan air mage
  6363 | D        | Killed a spriggan air mage
  6363 | D        | Reached XP level 14. HP: 41/88 MP: 16/42
  6574 | D        | Noticed a stone giant
  6587 | D        | Killed a stone giant
  6676 | D        | Noticed a fire dragon
  6690 | D        | Killed a fire dragon
  6742 | D        | Noticed a great orb of eyes
  6744 | D        | Noticed a lich
  6751 | D        | Noticed a spriggan air mage
  6759 | D        | Killed a great orb of eyes
  6759 | D        | Reached skill level 10 in Evocations
  6836 | D        | Noticed an Ice Fiend
  6844 | D        | Noticed a deep elf priest
  7017 | D        | Killed a spriggan air mage
  7035 | D        | Killed a deep elf priest
  7064 | D        | Noticed a fire dragon
  7108 | D        | Killed a fire dragon
  7365 | D        | Noticed a deep elf knight
  7371 | D        | Killed a deep elf knight
  7443 | D        | Noticed a necromancer
  7443 | D        | Noticed a rakshasa
  7443 | D        | Noticed an ironheart preserver
  7443 | D        | Noticed a centaur warrior
  7443 | D        | Noticed a centaur warrior
  7443 | D        | Noticed an unseen horror
  7443 | D        | Noticed a wraith
  7446 | D        | Killed an ironheart preserver
  7447 | D        | Killed a necromancer
  7447 | D        | Reached skill level 15 in Evocations
  7447 | D        | Killed an unseen horror
  7447 | D        | Killed a centaur warrior
  7448 | D        | Killed an ogre mage
  7449 | D        | Killed a rakshasa
  7449 | D        | Killed a centaur warrior
  7453 | D        | Noticed a cyan very ugly thing
  7456 | D        | Noticed a vault warden
  7458 | D        | Noticed a mottled dragon
  7468 | D        | Killed a cyan very ugly thing
  7474 | D        | Killed a wraith
  7476 | D        | Killed a vault warden
  7508 | D        | Killed a mottled dragon
  7521 | D        | Noticed a yaktaur captain
  7525 | D        | Noticed a great orb of eyes
  7526 | D        | Noticed a harpy
  7527 | D        | Noticed a storm dragon
  7532 | D        | Killed a yaktaur captain
  7535 | D        | Noticed an ogre mage
  7536 | D        | Killed a great orb of eyes
  7538 | D        | Noticed a yaktaur captain
  7544 | D        | Killed a storm dragon
  7546 | D        | Killed an ogre mage
  7553 | D        | Noticed a fire giant
  7560 | D        | Killed a yaktaur captain
  7569 | D        | Killed a harpy
  7579 | D        | Killed a fire giant
  7597 | D        | Noticed an ironbrand convoker
  7600 | D        | Killed an ironbrand convoker
  7603 | D        | Noticed a boulder beetle
  7607 | D        | Noticed a vault sentinel
  7616 | D        | Killed a boulder beetle
  7629 | D        | Killed a vault sentinel
  7837 | D        | Noticed an emperor scorpion
  7898 | D        | Killed an emperor scorpion
  8082 | D        | Noticed Frederick
  8092 | D        | Killed a hell knight
  8104 | D        | Killed Frederick
  8252 | D        | Noticed a hell knight
  8254 | D        | Noticed a hell knight
  8255 | D        | Noticed Margery
  8256 | D        | Noticed a hell knight
  8261 | D        | Killed a hell knight
  8263 | D        | Killed a hell knight
  8266 | D        | Killed Margery
  8266 | D        | Killed a hell knight
  8266 | D        | Reached XP level 15. HP: 73/93 MP: 23/42
  8267 | D        | Noticed a hell knight
  8268 | D        | Killed a hell knight
  8270 | D        | Noticed Nikola
  8284 | D        | Killed Nikola
  8493 | D        | Noticed an emperor scorpion
  8508 | D        | Killed an emperor scorpion
  8678 | D        | Noticed Jory
  8698 | D        | Mangled by Jory

Action                   |  1- 3 |  4- 6 |  7- 9 | 10-12 | 13-15 || total
-------------------------+-------+-------+-------+-------+-------++-------
Melee: Club              |    19 |       |       |       |       ||    19
       Dagger            |    19 |       |       |       |       ||    19
       Rapier            |    10 |    21 |    32 |    29 |    85 ||   177
 Cast: Sting             |    12 |     5 |     5 |    27 |    17 ||    66
       Mephitic Cloud    |       |     3 |    12 |    13 |       ||    28
       Searing Ray       |       |       |     8 |       |       ||     8
       Conjure Flame     |       |       |     3 |     1 |       ||     4
       Venom Bolt        |       |       |     8 |     8 |       ||    16
       Iskenderun's Batt |       |       |     1 |    18 |    23 ||    42
       Throw Icicle      |       |       |       |    51 |    31 ||    82
       Poisonous Cloud   |       |       |       |     6 |     5 ||    11
       Confuse           |       |       |       |    11 |    60 ||    71
       Bolt of Cold      |       |       |       |     3 |    22 ||    25
       Ensorcelled Hiber |       |       |       |     2 |       ||     2
       Freezing Cloud    |       |       |       |     1 |    26 ||    27
Evoke: Wand              |       |     1 |       |       |     8 ||     9
       Staff of energy   |       |       |       |     3 |    25 ||    28
       Lamp of fire (ine |       |       |       |       |     4 ||     4
  Use: Potion            |     5 |     1 |       |       |     4 ||    10
       Scroll            |       |       |       |     5 |     2 ||     7
 Stab: Sleeping          |     2 |     2 |     3 |     4 |       ||    11
       Distracted        |     1 |       |       |       |       ||     1
       Invisible         |       |     3 |       |       |       ||     3
       Confused          |       |       |     9 |     8 |    11 ||    28
  Eat: Bread ration      |       |       |     1 |       |     1 ||     2
       Fruit             |       |       |       |     6 |     3 ||     9
